 Dungeon Crawl Stone Soup version 0.17.1-3-g152610e (webtiles) character file.

6498 Peloso the Blocker (level 10, -2/90 HPs)
             Began as a Minotaur Fighter on Apr 20, 2016.
             Was an Elder of Okawaru.
             Slain by a hill giant
             ... wielding a +0 giant club
              (31 damage)
             ... on level 10 of the Dungeon on Apr 21, 2016.
             The game lasted 00:27:04 (8488 turns).

Peloso the Blocker (Minotaur Fighter)               Turns: 8488, Time: 00:27:04

Health: -2/90      AC: 21    Str: 21    XL:     10   Next: 68%
Magic:  9/9        EV:  8    Int:  5    God:    Okawaru [****..]
Gold:   624        SH: 13    Dex: 13    Spells: 0 memorised, 9 levels left

rFire  . . .     SeeInvis .     a - +1 long sword
rCold  . . .     Clarity  .     M - +0 plate armour
rNeg   . . .     SustAt   .     c - +1 shield
rPois  .         Gourm    .     (helmet restricted)
rElec  .         Spirit   .     u - +0 cloak
rCorr  .         Warding  .     N - +4 pair of gloves of the Orb Guardian {Regen+}
rMut   .         Stasis   .     (no boots)
MR     .....                    I - amulet of faith
Stlth  ..........               (no ring)
                                (no ring)

@: not resistant to hostile enchantments, extremely unstealthy
A: retaliatory headbutt, horns 2
a: Heroism, Renounce Religion


You were on level 10 of the Dungeon.
You worshipped Okawaru.
Okawaru was greatly pleased with you.
You were hungry.

You visited 2 branches of the dungeon, and saw 11 of its levels.
You also visited: Sewer and Ossuary.

You collected 624 gold pieces.

Inventory:

Hand Weapons
 a - a +1 long sword (weapon)
 r - a +1 vampiric falchion
Armour
 c - a +1 shield (worn)
 m - a +0 chain mail
 u - a +0 cloak (worn)
 M - a +0 plate armour (worn)
 N - the +4 pair of gloves of the Orb Guardian (worn) {Regen+}
   (You found it on level 9 of the Dungeon)

   It increases your rate of regeneration.
Jewellery
 l - an uncursed amulet of regeneration
 I - an amulet of faith (around neck)
Wands
 k - a wand of slowing (22)
 s - a wand of digging (21)
 F - a wand of digging (12)
 L - a wand of polymorph (17)
Scrolls
 g - a scroll of fog
 h - a scroll of recharging
 p - 2 scrolls of amnesia
 q - 4 scrolls of enchant armour
 t - 7 scrolls of remove curse
 w - 4 scrolls of fear
 y - 2 scrolls of blinking {unknown}
 H - 2 scrolls of magic mapping
 J - a scroll of teleportation
Potions
 b - 2 potions of haste
 d - 2 potions of flight
 f - 3 potions of agility
 i - 7 potions of curing
 n - 8 potions of heal wounds
 o - 4 potions of brilliance
 v - 3 potions of berserk rage
 B - a potion of invisibility
 D - 6 potions of might
 E - 2 potions of magic
Books
 G - a book of the Dragon

   Spells                             Type                      Level
   a - Flame Tongue                   Conjuration/Fire             1
   b - Cause Fear                     Hexes                        4
   c - Bolt of Fire                   Conjuration/Fire             6
   d - Dragon Form                    Transmutation                7
   e - Dragon's Call                  Summoning                    9
 K - a book of Conjurations

   Spells                             Type                      Level
   a - Magic Dart                     Conjuration                  1
   b - Searing Ray                    Conjuration                  2
   c - Dazzling Spray                 Conjuration/Hexes            3
   d - Fulminant Prism                Conjuration/Hexes            4
   e - Iskenderun's Mystic Blast      Conjuration                  4
   f - Iskenderun's Battlesphere      Conjuration/Charms           5
 O - Sif Muna's Incunabulum of the Snowflakes
   (You found it on level 9 of the Dungeon)

   Spells                             Type                      Level
   a - Freeze                         Ice                          1
 P - an Akashic Record

   Spells                             Type                      Level
   a - Dispersal                      Translocation                6
   b - Malign Gateway                 Summoning/Translocation      7
   c - Disjunction                    Translocation                8
   d - Controlled Blink               Translocation                8
Comestibles
 e - 6 bread rations
 x - 8 royal jellies
 z - 2 meat rations


   Skills:
 + Level 8.7 Fighting
 + Level 8.8 Long Blades
 + Level 9.9 Armour
 + Level 5.3 Dodging
 + Level 0.8 Stealth
 + Level 11.4 Shields
 + Level 1.1 Invocations


You had 9 spell levels left.
You didn't know any spells.

Dungeon Overview and Level Annotations

Branches:
Dungeon (10/15)            Temple (1/1) D:6            Lair (0/8) D:8
    Orc: D:9-12

Altars:
Ashenzari
Cheibriados
Dithmenos
Elyvilon
Fedhas
Gozag
Kikubaaqudgha
Makhleb
Nemelex Xobeh
Okawaru
Qazlal
Ru
Sif Muna
Vehumet
Xom
Yredelemnul
Zin
The Shining One

Shops:
D:6 *


Innate Abilities, Weirdness & Mutations

You reflexively headbutt those who attack you in melee.
You have a pair of horns on your head.


Message History

You hit the hill giant but do no damage.
You headbutt the hill giant.
The hill giant is heavily wounded.
You block the adder's attack. You block the hill giant's attack.
You block the adder's attack.
Unknown command.
You slash the hill giant! You headbutt the hill giant!
The hill giant is severely wounded.
The hill giant hits you but does no damage.
The adder bites you but does no damage.
You hit the hill giant.
The hill giant is severely wounded.
The adder barely misses you.
The hill giant hits you with a giant club!
You hit the hill giant but do no damage.
Your headbutt misses the hill giant.
The hill giant is severely wounded.
You block the adder's attack.
The hill giant hits you with a giant club!!
You die...

#.# # #.# # #.# #### #
########.#########... #.
...........!.....#.##
#..#######..###.#.#.#.##
.....## #...........[...
......S##...###.#.#.#.##
#..C@............#.#
....>.$.....#####..##.#
.......##...# ##..##.##
..##[.. #...# #........
# #... #...# #.#.#####
.[... .<..# #....#
.<.... ...## #..###
..[... ### #.. #..


You could see a hill giant and an adder.

Vanquished Creatures
  A hill giant (D:10)
  A queen bee (D:9)
  Grinder (D:3)
  3 yaks (D:9)
  The ghost of DanteCalvez the Magician, an amateur DEWz (Ossuary)
  A wyvern (D:9)
  A hippogriff (D:9)
  A hungry ghost (D:7)
  3 orc warriors
  3 sky beasts
  3 ogres
  An ice beast (D:7)
  3 phantoms
  2 centaurs
  An eye of draining (D:9)
  5 giant frogs
  A gnoll sergeant (D:9)
  2 big kobolds (Sewer)
  A wyvern zombie (D:8)
  4 scorpions
  22 killer bees
  5 crimson imps
  3 giant frog zombies
  A centaur zombie (D:8)
  A gnoll shaman (D:7)
  3 jellies
  6 orc priests
  3 hounds
  7 orc wizards
  Natasha (D:2)
  An iguana (D:5)
  A worker ant (D:4)
  A hound zombie (D:9)
  4 mummies
  9 river rats
  17 adders
  9 gnolls
  A shadow imp (D:9)
  An ooze (Sewer)
  2 adder zombies (Ossuary)
  A worm (D:3)
  10 giant geckos
  22 orcs
  4 ball pythons (Sewer)
  6 bats
  4 giant cockroaches
  A gnoll zombie (Ossuary)
  17 goblins
  6 hobgoblins
  11 jackals
  22 kobolds
  A quokka (D:10)
  A giant gecko skeleton (D:7)
  7 giant newts
  5 goblin zombies
  6 hobgoblin zombies
  A jackal skeleton (D:6)
  2 kobold zombies (Ossuary)
  An orc zombie (D:4)
  2 quokka zombies (Ossuary)
  26 rats
  5 rat zombies (Ossuary)
298 creatures vanquished.

Vanquished Creatures (others)
  A quokka (D:4)
1 creature vanquished.

Grand Total: 299 creatures vanquished

Notes
Turn   | Place    | Note
--------------------------------------------------------------
     0 | D:1      | Peloso the Minotaur Fighter began the quest for the Orb.
     0 | D:1      | Reached XP level 1. HP: 19/19 MP: 0/0
   125 | D:1      | Reached XP level 2. HP: 20/27 MP: 1/1
   208 | D:1      | Reached skill level 4 in Fighting
   709 | D:2      | Reached XP level 3. HP: 22/33 MP: 2/2
   856 | D:2      | Noticed Natasha
   866 | D:2      | Killed Natasha
   866 | D:2      | Reached skill level 1 in Dodging
   866 | D:2      | Reached XP level 4. HP: 32/41 MP: 3/3
  1403 | D:3      | Reached XP level 5. HP: 45/47 MP: 4/4
  1518 | D:3      | Noticed Grinder
  1527 | D:3      | Paralysed by Grinder for 2 turns
  1552 | D:3      | Killed Grinder
  1552 | D:3      | Reached skill level 5 in Fighting
  1552 | D:3      | Reached skill level 5 in Armour
  1552 | D:3      | Reached skill level 5 in Shields
  1552 | D:3      | Reached XP level 6. HP: 37/56 MP: 5/5
  1874 | D:3      | Found a faded altar to an unknown god.
  2202 | D:4      | Found a sacrificial altar of Ru.
  2235 | D:4      | Found a snail-covered altar of Cheibriados.
  2540 | D:4      | Reached XP level 7. HP: 57/61 MP: 6/6
  2691 | D:4      | Found a sand-covered staircase.
  2701 | Ossuary  | Entered an ossuary
  2853 | Ossuary  | Noticed DanteCalvez's ghost (amateur DEWz)
  2877 | Ossuary  | Killed DanteCalvez's ghost
  2877 | Ossuary  | Reached skill level 6 in Armour
  3173 | D:4      | Found a glowing golden altar of the Shining One.
  3419 | D:5      | Entered Level 5 of the Dungeon
  3440 | D:5      | Found a shattered altar of Ashenzari.
  3456 | D:5      | Found a glowing drain.
  3474 | Sewer    | Entered a sewer
  3617 | Sewer    | Reached skill level 5 in Long Blades
  3617 | Sewer    | Reached XP level 8. HP: 70/70 MP: 7/7
  3700 | Sewer    | Reached skill level 7 in Shields
  4625 | D:6      | Found Iske Wun's Assorted Antiques.
  4847 | D:6      | Reached skill level 8 in Shields
  5062 | D:6      | Found a staircase to the Ecumenical Temple.
  5093 | Temple   | Entered the Ecumenical Temple
  5146 | Temple   | Became a worshipper of Warmaster Okawaru
  5205 | D:6      | Reached XP level 9. HP: 60/78 MP: 8/8
  5706 | D:7      | Reached * piety under Okawaru
  5708 | D:7      | Reached skill level 9 in Shields
  5861 | D:7      | Found a sacrificial altar of Ru.
  6346 | D:7      | Found a sacrificial altar of Ru.
  6350 | D:7      | Found an opulent altar of Gozag.
  6354 | D:7      | Found an ancient bone altar of Kikubaaqudgha.
  6391 | D:8      | Found a staircase to the Lair.
  6431 | D:8      | Reached skill level 5 in Dodging
  6530 | D:8      | Reached ** piety under Okawaru
  6710 | D:8      | Reached skill level 10 in Shields
  7298 | D:9      | Reached XP level 10. HP: 86/88 MP: 9/9
  7579 | D:9      | Reached *** piety under Okawaru
  7592 | D:9      | Got a pair of heavily runed gloves
  7598 | D:9      | Identified the +4 pair of gloves of the Orb Guardian {Regen+} (You found it on level 9 of the Dungeon)
  7678 | D:9      | Found a deep blue altar of Sif Muna.
  7726 | D:9      | Identified Sif Muna's Incunabulum of the Snowflakes
  7958 | D:9      | Reached skill level 11 in Shields
  8162 | D:9      | Reached **** piety under Okawaru
  8326 | D:9      | Reached skill level 1 in Invocations
  8367 | D:10     | Entered Level 10 of the Dungeon
  8367 | D:10     | Noticed a hill giant
  8376 | D:10     | Killed a hill giant
  8478 | D:10     | Noticed a hill giant
  8488 | D:10     | Slain by a hill giant

Action                   |  1- 3 |  4- 6 |  7- 9 | 10-12 || total
-------------------------+-------+-------+-------+-------++-------
Melee: Long sword        |    78 |   182 |   565 |   239 ||  1064
Invok: Heroism           |       |       |       |     2 ||     2
Evoke: Wand              |       |     1 |       |     1 ||     2
  Use: Scroll            |       |     7 |    12 |     7 ||    26
       Potion            |       |       |     4 |     2 ||     6
  Eat: Chunk             |       |     6 |    18 |     4 ||    28
       Fruit             |       |       |     2 |       ||     2
       Beef jerky        |       |       |     1 |       ||     1
